AoeStats
← TheQuietRiot

Arabia

508485783Analyzed
1v1 RM · 9d ago on Sep 22, 2026· 74m 51s· 2 players
Game mode
Random Map
Map size
Tiny (2 player)
Population
200
Speed
Normal
Resources
Standard
Victory
Conquest
Starting age
Dark Age
Ending age
Imperial Age
RankedLock teamsTeams togetherTeam positionsShared explorationLock speedFull tech treeHidden civsTurbo modeCheats
Victory
Defeat
🇩🇪 Vietnamese · Germany
974
+15
🇬🇧 Teutons · United Kingdom
954
-15
TheQuietRiot
10:39 Feudal Age
9:41 Loom
11:08 Double-Bit Axe
11:27 Horse Collar
19:35 Castle Age
18:07 Gold Mining
19:23 Bloodlines
19:28 Forging
24:19 Bow Saw
24:52 Wheelbarrow
27:13 Stone Mining
29:18 Heavy Plow
34:25 Iron Casting
33:51 Scale Mail Armor
40:07 Scale Barding Armor
42:57 Imperial Age
43:19 Hand Cart
46:30 Chemistry
45:51 Ballistics
45:37 Siege Engineers
44:58 Cavalier
46:11 Crenellations
46:47 Stone Shaft Mining
48:24 Elite Skirmisher
49:33 Conscription
49:12 Fletching
49:23 Padded Archer Armor
51:24 Bodkin Arrow
51:45 Leather Archer Armor
53:13 Blast Furnace
61:21 Paladin
69:52 Chain Barding Armor
Seyfix
8:16 Loom
11:26 Feudal Age
11:48 Man-at-Arms
19:59 Castle Age
18:49 Double-Bit Axe
18:45 Horse Collar
19:31 Fletching
21:18 Pikeman
25:21 Forging
28:04 Heavy Plow
29:19 Padded Archer Armor
31:27 Crossbowman
33:03 Bodkin Arrow
33:23 Leather Archer Armor
34:33 Wheelbarrow
34:28 Gold Mining
35:28 Ballistics
36:19 Leather Archer Armor
36:51 Hand Cart
42:53 Imperial Age
41:23 Thumb Ring
41:55 Iron Casting
41:25 Scale Barding Armor
43:15 Bow Saw
43:58 Arbalester
45:58 Two-Man Saw
45:39 Bracer
46:02 Cavalier
48:44 Chemistry
49:03 Ring Archer Armor
54:18 Chain Barding Armor
54:18 Light Cavalry
55:12 Town Watch
56:04 Plate Barding Armor
57:04 Town Patrol
60:36 Husbandry
60:53 Bloodlines
61:59 Murder Holes
75:50 Coinage
Connection lost

Rejoining the realm…

Still unreachable

The connection could not be restored.

Session expired

The server has moved on; the page needs a fresh start.